Map: Beckett Industries LE

Players

TIME (Oliveira)

  • Race: Terran Terran

Bunny - Winner!

  • Race: Terran Terran
  • League: Bronze

Event: DreamHack SC2 Masters 2021 Fall

VOD

Have the link to the VOD?

Description

Time

  • Played on: Sept. 11, 2021, 10:13 a.m.
  • Length: 8:30

All games in this series

Show
View Real Time Build Order
Export as new Build Order

TIME Terran 

Build Orders: Cyclone Opening 

Get SALT Encoding   

  12  0:00  SCV  
  13  0:12  SCV  
  14  0:17  Supply Depot  
  14  0:24  SCV  
  14  0:27  Refinery  
  15  0:38  SCV  
  16  0:44  Barracks  
  16  0:50  SCV  
  16  0:56  Refinery  
  17  1:03  SCV  
  18  1:15  SCV  
  19  1:31  Orbital Command, Reaper  
  20  1:36  Factory  
  20  1:43  Supply Depot  
  20  1:57  SCV  
  21  2:03  Reaper  
  22  2:09  SCV  
  23  2:19  Hellion  
  23  2:21  SCV  
  26  2:30  Command Center  
  26  2:33  SCV  
  26  2:36  Barracks Tech Lab  
  27  2:41  Starport  
  27  2:46  SCV  
  27  2:49  Supply Depot  
  28  2:58  Cyclone  
  31  3:09  Barracks Tech Lab  
  31  3:10  SCV  
  32  3:23  SCV  
  33  3:30  Cyclone  
  33  3:31  Banshee  
  39  3:35  Refinery  
  39  3:41  SCV  
  39  3:42  Orbital Command  
  40  3:49  Barracks Reactor  
  40  3:53  SCV  
  44  4:06  SCV  
  44  4:08  SCV  
  46  4:13  Command Center  
  46  4:18  Raven  
  46  4:20  SCV x2  
  46  4:23  Supply Depot  
  47  4:24  Refinery  
  47  4:29  Siege Tank  
  50  4:32  SCV  
  50  4:33  SCV  
  50  4:35  Marine  
  50  4:37  Marine  
  54  4:44  SCV  
  54  4:45  SCV  
  56  4:46  Supply Depot  
  56  4:56  SCV  
  56  4:58  SCV  
  58  5:01  Raven  
  58  5:02  Marine x2  
  62  5:07  Siege Tank  
  62  5:09  SCV, Supply Depot  
  62  5:10  SCV  
  67  5:21  SCV  
  67  5:22  SCV  
  67  5:24  Marine  
  67  5:26  Marine  
  68  5:33  SCV, Orbital Command  
  68  5:34  SCV  
  70  5:42  Siege Tank  
  72  5:45  Barracks x2  
  72  5:47  SCV  
  72  5:50  SCV  
  73  6:01  SCV  
  73  6:03  Viking x2  
  75  6:04  Marine  
  75  6:05  Stimpack  
  75  6:10  SCV x2  
  78  6:16  Siege Tank  
  81  6:25  SCV  
  81  6:28  Marine  
  81  6:29  Engineering Bay x2  
  81  6:32  SCV  
  83  6:35  Viking x2  
  83  6:39  Supply Depot  
  86  6:41  SCV  
  87  6:52  Siege Tank  
  87  6:53  SCV  
  91  6:55  Marine  
  91  6:59  Barracks Reactor x2  
  92  7:01  SCV  
  92  7:11  Viking x2  
  96  7:18  Orbital Command  
  75  7:34  SCV  
  75  7:36  Marine x3  
  75  7:37  Siege Tank  
  82  7:41  SCV  
  78  7:48  Barracks Reactor  
  78  7:50  Viking x2  
  78  7:51  SCV  
  83  7:54  Marine x2  
  83  7:58  Barracks x2  
  85  8:00  Supply Depot  
  85  8:01  Supply Depot  
  85  8:02  Supply Depot  
  85  8:11  Supply Depot  
Show
View Real Time Build Order
Export as new Build Order

Bunny Terran - Winner!

Build Orders:  

Get SALT Encoding   

  12  0:00  SCV  
  13  0:12  SCV  
  14  0:17  Supply Depot  
  14  0:24  SCV  
  15  0:38  SCV  
  15  0:40  Barracks  
  16  0:42  Refinery  
  16  0:50  SCV  
  16  0:52  Refinery  
  17  1:02  SCV  
  18  1:15  SCV  
  19  1:27  Orbital Command, Reaper  
  19  1:28  Supply Depot  
  20  1:43  Factory  
  20  1:52  SCV  
  21  1:59  Reaper  
  22  2:04  SCV  
  23  2:16  SCV  
  23  2:19  Command Center  
  24  2:27  Hellion  
  24  2:28  SCV  
  27  2:32  Barracks Reactor  
  27  2:35  Supply Depot  
  27  2:41  SCV  
  28  2:48  Factory Tech Lab  
  28  2:49  Starport  
  28  2:53  SCV  
  29  3:05  SCV  
  30  3:06  Cyclone  
  30  3:08  Marine x2  
  35  3:17  SCV  
  36  3:25  Starport Tech Lab  
  36  3:27  Marine x2  
  36  3:29  SCV  
  36  3:30  Orbital Command  
  39  3:36  Refinery  
  39  3:41  SCV  
  39  3:45  Marine x2  
  42  3:50  Raven  
  42  3:53  SCV  
  45  3:57  SCV  
  46  4:03  Supply Depot, Marine x2  
  48  4:10  SCV x2  
  48  4:11  Siege Tank  
  48  4:15  Supply Depot  
  53  4:22  SCV  
  54  4:24  SCV, Marine x2  
  54  4:25  Supply Depot  
  54  4:29  Refinery  
  57  4:34  SCV  
  57  4:36  SCV  
  59  4:43  Siege Tank  
  62  4:47  Viking x2  
  62  4:52  SCV x2  
  65  4:53  Marine  
  66  5:05  SCV x2  
  68  5:11  Marine  
  69  5:15  Siege Tank  
  69  5:17  Viking  
  69  5:18  Viking  
  75  5:29  Marine  
  75  5:30  SCV x2  
  75  5:31  Supply Depot  
  75  5:34  Supply Depot  
  78  5:50  Supply Depot  
  78  5:51  Supply Depot  
  78  5:52  Liberator, Marine  
  78  5:53  Viking  
  78  5:55  Siege Tank  
  87  6:02  SCV x2  
  86  6:14  Marine  
  86  6:15  Command Center  
  87  6:23  Viking  
  89  6:27  Siege Tank  
  89  6:30  Supply Depot  
  89  6:31  SCV  
  89  6:32  Marine  
  94  6:35  Viking  
  96  6:41  Stimpack  
  96  6:53  Viking  
  98  6:55  Marine  
  98  7:00  Siege Tank  
  102  7:05  Viking  
  104  7:28  Viking  
  87  7:32  Siege Tank  
  87  7:36  SCV x2  
  87  7:37  Orbital Command  
  87  7:42  Engineering Bay x2  
  87  7:43  Barracks  
  87  7:44  Barracks  
  87  7:47  Viking  
  87  7:48  Marine  
  90  7:57  SCV x2  
  90  7:58  Viking  
  94  8:06  SCV  
  94  8:09  SCV x2  

Tags
 
Add a new tag
Caveats
  • Supply blocks, unpowered buildings, or Contaminate may cause inaccurate times.
  • Supply counts are checked every 10 seconds.